 Dungeon Crawl Stone Soup version 0.30-a0-760-g5a9884bb7c (webtiles) character file.

Game seed: 12226243131528846030

1304 kingofthe the Conjurer (level 8, 0/46 HPs)
             Began as an Octopode Conjurer on Feb 12, 2023.
             Was an Initiate of Sif Muna.
             Slain by an ogre
             ... wielding a +0 giant club
              (22 damage)
             ... on level 4 of the Dungeon.
             The game lasted 00:17:21 (7887 turns).

kingofthe the Conjurer (Octopode Conjurer)          Turns: 7887, Time: 00:17:21

Health: 0/46       AC:  1    Str:  7    XL:     8   Next: 57%
Magic:  15/15      EV: 15    Int: 20    God:    Sif Muna [......]
Gold:   329        SH:  0    Dex: 16    Spells: 4/16 levels left

rFire   + . .      SeeInvis .    u - +8 whip of Skirmishing {elec, rElec Will- Dex+4}
rCold   . . .      Faith    .    (no shield)
rNeg    . . .      Spirit   .    (helmet restricted)
rPois   +          Reflect  .    (no amulet)
rElec   +          Harm     .    b - ring of resist corrosion
rCorr   +          Rampage  .    k - ring of poison resistance
Will    .....                    w - ring of flight
Stlth   ++++                     y - ring of protection from fire
HPRegen 0.27/turn                (no ring)
MPRegen 0.14/turn                (no ring)
                                 (no ring)
                                 (no ring)

@: flying
A: almost no armour, amphibious, 8 rings, camouflage 1, gelatinous body 1,
(nimble swimmer 1), tentacles
a: Renounce Religion


You were on level 4 of the Dungeon.
You worshipped Sif Muna.
Sif Muna was noncommittal.
You visited 2 branches of the dungeon, and saw 7 of its levels.

You collected 329 gold pieces.

Inventory:

Hand Weapons
 h - a +2 dagger of electrocution
 r - a +0 dagger of flaming
 u - the +8 whip of Skirmishing (weapon) {elec, rElec Will- Dex+4}
   (You found it on level 4 of the Dungeon)

   Dex:       It affects your dexterity (+4).
   rElec:     It insulates you from electricity.
   Will:      It decreases your willpower.
 C - a +3 spear of draining
Missiles
 t - a throwing net
Jewellery
 b - a ring of resist corrosion (left tentacle)
 k - a ring of poison resistance (right tentacle)
 w - a ring of flight (on tentacle)
 y - a ring of protection from fire (on tentacle)
Wands
 q - a wand of flame (20)
Scrolls
 d - 2 scrolls of identify
 f - 3 scrolls of teleportation
 g - a scroll of silence {unknown}
 l - a scroll of blinking {unknown}
 n - 2 scrolls of magic mapping
 p - a scroll of immolation
 s - a scroll of butterflies {unknown}
 G - 2 scrolls of poison
Potions
 a - a potion of magic
 e - 2 potions of resistance
 i - a potion of haste {unknown}
 j - 2 potions of heal wounds {unknown}
 m - a potion of mutation {unknown}
 o - a potion of curing {unknown}
 v - a potion of brilliance {unknown}
 A - a potion of lignification {unknown}
 B - a potion of flight {unknown}
 D - a potion of berserk rage {unknown}


   Skills:
 * Level 5.6 Dodging
 + Level 5.8 Stealth
 + Level 4.9 Spellcasting
 + Level 6.4 Conjurations
 + Level 1.5 Hexes
 * Level 1.3 Necromancy
 * Level 1.3 Earth Magic


You had 4 spell levels left.
You knew the following spells:

 Your Spells              Type           Power      Damage    Failure   Level
a - Magic Dart            Conj           100%       1d8       1%          1
b - Searing Ray           Conj           60%        2d6       1%          2
c - Fulminant Prism       Conj/Hex       10%        3d8       22%         4
d - Borgnjor's Vile Clut  Necr/Erth      5%         N/A       88%         5

Your spell library contained the following spells:

 Spells                   Type           Power      Damage    Failure   Level
 Sandblast                Erth           20%        2d7       7%          1
 Dazzling Flash           Conj/Hex       40%        N/A       7%          3
 Sublimation of Blood     Necr           10%        N/A       11%         2
 Beastly Appendage        Tmut           8%         N/A       12%         1
 Ensorcelled Hibernation  Hex/Ice        16%        N/A       13%         2
 Wereblood                Tmut           4%         N/A       19%         2
 Iskenderun's Mystic Bla  Conj/Tloc      17%        2d5       30%         4
 Spider Form              Tmut/Pois      4%         N/A       34%         3
 Petrify                  Tmut/Erth      7%         N/A       65%         4
 Irradiate                Conj/Tmut      8%         3d14      65%         5
 Freezing Cloud           Conj/Ice/Air   6%         6-21      80%         5
 Iron Shot                Conj/Erth      10%        9d3       98%         6
 Ozocubu's Refrigeration  Ice            2%         4d7       100%        7


Dungeon Overview and Level Annotations

Branches:
Dungeon (6/15)             Temple (1/1) D:5

Altars:
Cheibriados
Dithmenos
Elyvilon
Fedhas
Gozag
Hepliaklqana
Makhleb
Nemelex Xobeh
Okawaru
Qazlal
Ru
Sif Muna
Trog
Uskayaw
Wu Jian
Xom
Zin
The Shining One


Innate Abilities, Weirdness & Mutations

You cannot wear most types of armour.
You are amphibious.
You can wear up to eight rings at the same time.
Your skin changes colour to match your surroundings (Stealth+).
Your rubbery body absorbs attacks. (AC +1, EV +1)
((You are camouflaged when in or above water. (Stealth+)))
You have tentacles for arms and can constrict up to eight enemies at once.


Message History

A kobold comes into view. It is wielding a +0 dagger.
The searing ray hits the kobold brigand!
The kobold brigand is almost dead.
An ogre comes into view. It is wielding a +0 giant club.
The searing ray hits the kobold brigand!
You kill the kobold brigand!
Sif Muna accepts your kill.
You finish channelling your searing ray.
A kobold comes into view. It is wielding a +0 short sword.
The kobold throws a stone.
The stone barely misses you.
Things that are here:
a +0 short sword; 8 poisoned darts; a kobold corpse The kobold throws a stone.
The stone closely misses you.
There is a stone staircase leading up here.
Okay, then.
The kobold throws a stone.
The stone hits you. The ogre barely misses you.
You fly upwards.
There is a stone staircase leading down here.
The ogre closely misses you.
You see here a +0 giant spiked club.
The ogre attacks as you move away! The ogre closely misses you.
There is a stone staircase leading up here.
You fly upwards.
There is a stone staircase leading down here.
You start resting.
Magic restored.
You fly downwards.
The ogre hits you with a +0 giant club!!
Ouch! That really hurt!
There is a stone staircase leading up, spattered with blood here.
The ogre closely misses you.
You fly upwards.
There is a stone staircase leading down here.
Things that are here:
a +0 flail; a +0 club; a +0 flail The ogre attacks as you move away!
The ogre barely misses you.
You see here a +0 spear.
The ogre attacks as you move away!
The ogre hits you with a +0 giant club!!
You die...

#........#.......## ###..#.# #
#.###....>........## ##...# ##
#...........#......### ##..## #.
#..<######.###.......#####...###.
#..## ##)# #(....##..##.....#..
..## ###.)# ##...####...[.......
..# ###....# #...# ###.##....#.
..###....#.## ##.## #..###...##
.......###..####@######..###..##
..#...## ##.O#.O..#.......#..##
.....## #.#.#.....#####.....##
..#..# #.##....### #.......##
..#### ####....# #........# .##
###..## ##......... ##
###.####....##....
#...##....##...# ####..<........#


You could see an ogre.

Vanquished Creatures
  Sigmund (D:4)
  A wraith (D:6)
  Edmund (D:4)
  An ogre (D:5)
  A phantom (D:4)
  A kobold brigand (D:6)
  Blork the orc (D:4)
  A scorpion (D:6)
  3 wights (D:5)
  4 hounds
  Ijyb (D:3)
  An iguana (D:5)
  2 orc wizards (D:4)
  4 adders
  7 gnolls (D:4)
  An ufetubus (D:4)
  7 orcs
  An endoplasm (D:2)
  2 giant cockroaches (D:2)
  5 goblins
  3 hobgoblins
  3 jackals
  7 kobolds
  5 quokkas
  4 ball pythons
  7 bats
  A frilled lizard (D:1)
  2 rats
78 creatures vanquished.

Notes
Turn   | Place    | Note
-------+----------+-------------------------------------------
     0 | D:1      | kingofthe the Octopode Conjurer began the quest for the
                  | Orb.
     0 | D:1      | Reached XP level 1. HP: 11/11 MP: 3/3
   643 | D:1      | Reached XP level 2. HP: 17/17 MP: 1/5
   908 | D:2      | Learned a level 2 spell: Searing Ray
  1203 | D:2      | Reached XP level 3. HP: 21/21 MP: 1/6
  1808 | D:3      | Noticed Ijyb
  2072 | D:3      | Killed Ijyb
  2073 | D:3      | Reached XP level 4. HP: 11/27 MP: 0/7
  2966 | D:4      | Noticed Blork the orc
  3066 | D:4      | Reached XP level 5. HP: 31/31 MP: 0/9
  3551 | D:4      | Identified the +8 whip of Skirmishing {elec, rElec Will-
                  | Dex+4}
  3736 | D:4      | Noticed Sigmund
  3741 | D:4      | Killed Sigmund
  3742 | D:4      | Reached skill level 5 in Conjurations
  3742 | D:4      | Reached XP level 6. HP: 30/36 MP: 2/11
  4090 | D:4      | Reached XP level 7. HP: 36/41 MP: 6/12
  4496 | D:4      | Noticed Edmund
  4926 | D:5      | Entered Level 5 of the Dungeon
  5157 | D:5      | Reached skill level 5 in Stealth
  5357 | D:5      | Found a staircase to the Ecumenical Temple.
  5575 | D:5      | Noticed a gargoyle
  5683 | D:5      | Reached skill level 5 in Dodging
  5683 | D:5      | Reached skill level 6 in Conjurations
  5689 | Temple   | Entered the Ecumenical Temple
  5841 | Temple   | Became a worshipper of Sif Muna the Loreminder
  6508 | D:5      | Reached XP level 8. HP: 44/46 MP: 8/14
  6857 | D:5      | Learned a level 4 spell: Fulminant Prism
  7101 | D:4      | Killed Blork the orc
  7241 | D:4      | Killed Edmund
  7242 | D:4      | Reached skill level 1 in Hexes
  7569 | D:4      | Identified a scroll of acquirement
  7569 | D:4      | Acquired the Information on Solid Graupel
  7577 | D:4      | Learned a level 5 spell: Borgnjor's Vile Clutch
  7614 | D:6      | Noticed a wraith
  7757 | D:6      | Killed a wraith
  7758 | D:6      | Reached skill level 1 in Necromancy
  7758 | D:6      | Reached skill level 1 in Earth Magic
  7887 | D:4      | Slain by an ogre

Illustrated notes

Levels and vault maps discovered:
D:1:      spicycebolla_arrival_ecumenical, layout_loops_ring
D:2:      layout_loops_cross
D:3:      minmay_spotlight, layout_basic, uniq_ijyb
D:4:      layout_layer_cave, kennysheep_nub, minivault_5, uniq_edmund,
          uniq_blork_the_orc, uniq_sigmund
D:5:      layout_layer_cave, temple_statues, minmay_small_thing
D:6:      layout_loops_corners, cheibrodos_sewer_entry_bend, kb_rosetta
Temple:   regret_index_temple_mists

Skill      XL: |  1  2  3  4  5  6  7  8 |
---------------+-------------------------+-----
Stealth        | 3 4 5 |  5.8
Dodging        | 3 4 5 |  5.6
Spellcasting   | 3 4 |  4.9
Conjurations   | 5 6 |  6.4
Hexes          | 1 |  1.5
Necromancy     | 1 |  1.3
Earth Magic    | 1 |  1.3

Action                     |  1- 3 |  4- 6 |  7- 9 || total
---------------------------+-------+-------+-------++-------
  Melee: Unarmed           |     6 |       |       ||     6
         Constrict         |     4 |     2 |       ||     6
         Tentacles         |     4 |     1 |       ||     5
         Dagger            |     5 |    11 |       ||    16
   Cast: Magic Dart        |    46 |    44 |    45 ||   135
         Searing Ray       |     2 |     8 |    25 ||    35
    Use: Scroll            |       |       |    11 ||    11
 Armour: Skin              |     1 |     1 |       ||     2
  Dodge: Dodged            |    11 |    13 |    24 ||    48

Table legend: (Time is in decaauts)
 A = Elapsed time spent in this place.
 B = Non-inter-level travel time spent in this place.
 C = Inter-level travel time spent in this place.
 D = Time resting spent in this place.
 E = Time spent auto-exploring this place.
 F = Levels seen in this place.
 G = Mean time per level.
                   A        B        C        D        E       F      G
               +--------+--------+--------+--------+--------+-----+--------+
         Total |   7897 |   7193 |    704 |    848 |   5602 |   7 | 1128.1 |
       Dungeon |   7711 |   7027 |    684 |    848 |   5460 |   6 | 1285.2 |
        Temple |    185 |    165 |     20 |      0 |    142 |   1 |  185.0 |
               +--------+--------+--------+--------+--------+-----+--------+

Top non-repeatable levels by time:
     D:4: 2440 daAuts
     D:5: 1949 daAuts
     D:3: 1369 daAuts
     D:2: 1040 daAuts
     D:1: 796 daAuts
  Temple: 185 daAuts
     D:6: 115 daAuts
